cohdb
Replays
Latest Replays
All Replays
Popular Replays
Top Player Replays
Match Explorer
How It Works
Community
CoH3 Stats
Reddit
Sign in to upload your games and track your stats! →
Sign in with Steam
Match 45097157
Unlisted
Match 45097157
Overview
Messages
Build Orders
End
Construct Barracks
Selects Armored Battlegroup
Selects Veteran Crews
Riflemen Squad
Riflemen Squad
Riflemen Squad
Construct Weapon Support Center
Bazooka Squad
Construct Medical Station
M1 Mortar Team
Engineer Squad
Infantry Support Center
Selects Strength in Steel
M3 Armored Personnel Carrier
M3 Armored Personnel Carrier
Selects M8 Scott SPG
M8 Scott SPG
Grenade Package
M8 Scott SPG
Selects Field Repairs
Selects War Machine
Bazooka Squad
Bazooka Squad
Riflemen Squad
mikeX
Floppa The Tankist
pagep
7k this year for sure
0
0
Comments
sign in to comment!
No comments posted yet!